 Dungeon Crawl Stone Soup version 0.29-a0-1052-g6990b1bffc (webtiles) character file.

Game seed: 17104994169493947791

135 siradein the Changer (level 4, 0/57 HPs)
             Began as a Draconian Transmuter on Aug 18, 2022.
             Succumbed to an adder's poison
             ... on level 2 of the Dungeon.
             The game lasted 00:03:17 (1945 turns).

siradein the Changer (Draconian Transmuter)         Turns: 1945, Time: 00:03:17

Health: 0/57       AC: 22    Str: 12    XL:     4   Next: 96%
Magic:  8/8        EV:  2    Int: 16    God:
Gold:   36         SH:  0    Dex: 11    Spells: 3/9 levels left

rFire   . . .      SeeInvis .     - Unarmed
rCold   . . .      Faith    .   (no shield)
rNeg    . . .      Spirit   .   (body armour unavailable)
rPois   +          Reflect  .   (helmet currently unavailable)
rElec   .          Harm     .   (cloak currently unavailable)
rCorr   .          Rampage  .   (gloves currently unavailable)
Will    .....      NoTele   +   (boots currently unavailable)
Stlth   +.........              (no amulet)
HPRegen 0.19/turn               (no ring)
MPRegen 0.11/turn               (no ring)

@: lethally poisoned (0 -> -2), tree-form
A: stationary, stasis, torment immunity, boosted hp, AC +5, unfitting armour,
(cold-blooded)
a: no special abilities


You were on level 2 of the Dungeon.
You were a tree.
You visited 1 branch of the dungeon, and saw 2 of its levels.

You collected 36 gold pieces.

Inventory:

Jewellery
 e - a +4 ring of protection
Scrolls
 c - a scroll of identify {unknown}
 g - a scroll of teleportation {unknown}
Potions
 b - a potion of cancellation {unknown}
 d - a potion of mutation {unknown}
 f - 2 potions of curing {unknown}


   Skills:
 + Level 3.1 Fighting
 - Level 1.7 Dodging
 - Level 3.0 Unarmed Combat
 + Level 3.1 Spellcasting
 + Level 3.3 Transmutations


You had 3 spell levels left.
You knew the following spells:

 Your Spells              Type           Power      Damage    Failure   Level
a - Beastly Appendage     Tmut           26%        N/A       4%          1
b - Wereblood             Tmut           13%        N/A       7%          2
c - Spider Form           Tmut/Pois      7%         N/A       28%         3

Your spell library contained the following spells:

 Spells                   Type           Power      Damage    Failure   Level
 Passwall                 Tmut/Erth      5%         N/A       14%         2
 Apportation              Tloc           4%         N/A       19%         1
 Sandblast                Erth           4%         2d4       19%         1
 Gell's Gravitas          Tloc           2%         N/A       50%         3
 Lesser Beckoning         Tloc           2%         N/A       50%         3
 Stone Arrow              Conj/Erth      4%         3d7       50%         3
 Teleport Other           Tloc           2%         N/A       50%         3
 Ice Form                 Ice/Tmut       7%         N/A       67%         4
 Alistair's Intoxication  Tmut/Pois      4%         N/A       95%         5


Dungeon Overview and Level Annotations

Branches:
Dungeon (2/15)

Altars:


Innate Abilities, Weirdness & Mutations

You are a tree.
Your roots penetrate the ground, keeping you stationary.
You cannot be teleported.
You are immune to unholy pain and torment.
Your maximum health is greatly increased.
Your equipment is partially melded.
((Your plain brown scales are hard. (AC +5)))
You cannot fit into any form of body armour.
((You are cold-blooded and may be slowed by cold attacks.))


Message History

Terence is heavily wounded.
You closely miss Terence.
Your tail-slap misses Terence.
Terence is heavily wounded.
Your transformation is almost over.
Terence hits you with a +2 short sword of protection!
* * * LOW HITPOINT WARNING * * *
You closely miss Terence. You headbutt Terence.
Terence is severely wounded.
Terence hits you with a +2 short sword of protection.
* * * LOW HITPOINT WARNING * * *
You closely miss Terence. You headbutt Terence, but do no damage.
Terence is severely wounded.
Terence hits you but does no damage.
You hit Terence but do no damage. You claw Terence!
You kill Terence!
The adder bites you but does no damage.
Your Fighting skill increases to level 3!
You barely miss the adder. Your headbutt misses the adder. The adder bites you.
* * * LOW HITPOINT WARNING * * *
You are lethally poisoned!
The adder poisons you!
You miss the adder. You claw the adder.
Your tail-slap misses the adder.
Your punch misses the adder.
The adder is heavily wounded.
* * * LOW HITPOINT WARNING * * *
You feel sick. The adder bites you but does no damage.
You barely miss the adder. You claw the adder, but do no damage.
The adder is heavily wounded.
* * * LOW HITPOINT WARNING * * *
You feel sick. The adder barely misses you. The adder misses you.
You miss the adder. You headbutt the adder!
You kill the adder!
Unknown command.
Unknown command.
Really quaff the potion of lignification?
Your horns disappear.
Your talons disappear.
You turn into a tree.
Your roots penetrate the ground.
* * * LOW HITPOINT WARNING * * *
You feel sick.
You die...

.. #.# ..
#.# #.# .#
.. #.## .#
.# #... .
.# ##. ####
#.### ##.#
#..
....###..
#.# #..#..#
#)#
#....####♣#
#...#...#
#.#...###
#.#..##
#.#..# #
##.#..# #
#..#...
#.##.##.
#.##.# .


There were no monsters in sight!

Vanquished Creatures
  Terence (D:2)
  Natasha (thrice) (D:1)
  An adder (D:2)
  A dart slug (D:1)
  3 giant cockroaches (D:1)
  3 hobgoblins
  2 kobolds
  6 ball pythons
  2 bats (D:1)
  A frilled lizard (D:1)
  A goblin (D:1)
  5 rats
29 creatures vanquished.

Notes
Turn   | Place    | Note
-------+----------+-------------------------------------------
     0 | D:1      | siradein the Draconian Transmuter began the quest for the
                  | Orb.
     0 | D:1      | Reached XP level 1. HP: 16/16 MP: 3/3
   551 | D:1      | Reached XP level 2. HP: 23/23 MP: 3/5
   834 | D:2      | Noticed Natasha
   843 | D:1      | Killed Natasha
   844 | D:1      | Reached XP level 3. HP: 15/29 MP: 3/6
   851 | D:1      | Learned a level 2 spell: Wereblood
   855 | D:1      | Learned a level 3 spell: Spider Form
  1076 | D:1      | Noticed Natasha
  1086 | D:1      | Killed Natasha
  1235 | D:1      | Noticed Natasha
  1246 | D:1      | Killed Natasha
  1247 | D:1      | Reached XP level 4. HP: 24/37 MP: 8/8
  1920 | D:2      | Noticed Terence
  1939 | D:2      | Killed Terence
  1942 | D:2      | HP: 1/38 [poisoned by an adder]
  1945 | D:2      | Succumbed to an adder's poison

Illustrated notes

Levels and vault maps discovered:
D:1:      ebering_trefoil_twist, layout_basic, minmay_cupped
D:2:      layout_rooms, ebering_ecumenical_altar_box, uniq_natasha, uniq_terence

Skill      XL: |  1  2  3  4 |
---------------+-------------+-----
Fighting       | 2 3 |  3.1
Transmutations | 3 |  3.3
Spellcasting   | 3 |  3.1
Dodging        | |  1.7
Unarmed Combat | |  3.0

Action                   |  1- 3 |  4- 6 || total
-------------------------+-------+-------++-------
Melee: Unarmed           |    46 |    33 ||    79
       Tailslap          |     8 |       ||     8
       Headbutt          |     4 |     8 ||    12
       Kick              |     8 |     7 ||    15
       Punch             |     1 |       ||     1
 Cast: Beastly Appendage |    13 |     7 ||    20
       Wereblood         |       |     2 ||     2
  Use: Potion            |       |     1 ||     1
Armor: Skin              |     8 |     7 ||    15
Dodge: Dodged            |    30 |    14 ||    44

Table legend: (Time is in decaauts)
 A = Elapsed time spent in this place.
 B = Non-inter-level travel time spent in this place.
 C = Inter-level travel time spent in this place.
 D = Time resting spent in this place.
 E = Time spent auto-exploring this place.
 F = Levels seen in this place.
 G = Mean time per level.
                   A        B        C        D        E       F      G
               +--------+--------+--------+--------+--------+-----+--------+
         Total |   1948 |   1853 |     95 |      0 |   1653 |   2 |  974.0 |
       Dungeon |   1948 |   1853 |     95 |      0 |   1653 |   2 |  974.0 |
               +--------+--------+--------+--------+--------+-----+--------+

Top non-repeatable levels by time:
     D:1: 1645 daAuts
     D:2: 303 daAuts
